PL
NORTHERN VIRGINIA RAINBOW MERMAIDS @ CLEVELAND BROWNS
05/13/2042
 
TOP OF THE 1ST
Northern Virginia Rainbow Mermaids batting - Pitching for Cleveland Browns : RHP Jay Cannon
Pitching: RHP Jay Cannon
Batting: LHB Jeff Washington 0-0: Called Strike
0-1: TRIPLE (Line Drive, 89XD, EV 105.6 MPH)
Batting: LHB Tony Goodwin 0-0: Ball
1-0: Called Strike
1-1: Reached on error, E4 (Groundball, 4M, EV 101.2 MPH)
Jeff Washington scores
Batting: RHB Manuel Márquez 0-0: Ball
1-0: Called Strike
1-1: Foul Ball, location: 2F
1-2: Foul Ball, location: 2F
1-2: Strikes out swinging
Batting: LHB DeMarvion Overshown 0-0: Called Strike
0-1: Ball
1-1: Called Strike
1-2: Fielders Choice at 2nd, 4-6 (Groundball, 34, EV 105.6 MPH)
Batting: LHB Dewitt Hopper 0-0: Called Strike
0-1: Swinging Strike
0-2: Strikes out swinging
Top of the 1st over - 1 run, 1 hit, 1 error, 1 left on base; Northern Virginia 1 - Cleveland 0
BOTTOM OF THE 1ST
Cleveland Browns batting - Pitching for Northern Virginia Rainbow Mermaids : RHP Jason Starkey
Pitching: RHP Jason Starkey
Batting: LHB Tadayoshi Watanabe 0-0: Ball
1-0: Ball
2-0: Ground out U3 (Groundball, 3, EV 87.5 MPH)
Batting: LHB Ruud van Ineveld 0-0: Called Strike
0-1: Ball
1-1: Foul Ball, location: 2F
1-2: DOUBLE (Flyball, 8LXD, EV 106.2 MPH)
Batting: RHB Meester Gobbles-Rooster 0-0: Fly out, F7 (Flyball, 7LS, EV 90.0 MPH)
Batting: LHB Danny Rodríguez 0-0: Swinging Strike
0-1: Foul Ball, location: 2F
0-2: Foul Ball, location: 2F
0-2: Foul Ball, location: 2F
0-2: Fly out, F5 (Popup, 56, EV 77.5 MPH)
Bottom of the 1st over - 0 runs, 1 hit, 0 errors, 1 left on base; Northern Virginia 1 - Cleveland 0
TOP OF THE 2ND
Northern Virginia Rainbow Mermaids batting - Pitching for Cleveland Browns : RHP Jay Cannon
Batting: RHB Nate Edwards 0-0: Called Strike
0-1: Ball
1-1: Ball
2-1: Ball
3-1: Base on Balls
Batting: LHB Rio Mence 0-0: Fly out, F9 (Flyball, 9, EV 85.0 MPH)
Batting: RHB Woong Byeon 0-0: Ball
1-0: SINGLE (Line Drive, 6D, EV 106.2 MPH)
Nate Edwards to second
Runner from 2nd tries for 3rd, SAFE, no throw by CF
Batting: RHB John Juanda 0-0: Called Strike
0-1: Ball
1-1: Foul Ball, location: 2F
1-2: Strikes out looking
Batting: LHB Jeff Washington 0-0: Called Strike
0-1: Called Strike
0-2: SINGLE (Groundball, 4D, EV 95.6 MPH)
Nate Edwards scores
Woong Byeon to second
Runner from 2nd tries for 3rd, SAFE, throw by CF made to third
Batting: LHB Tony Goodwin 0-0: DOUBLE (Line Drive, 7LM, EV 105.6 MPH)
Woong Byeon scores
Jeff Washington to third
Batting: RHB Manuel Márquez 0-0: Fly out, F9 (Flyball, 9, EV 76.9 MPH)
Top of the 2nd over - 2 runs, 3 hits, 0 errors, 2 left on base; Northern Virginia 3 - Cleveland 0
BOTTOM OF THE 2ND
Cleveland Browns batting - Pitching for Northern Virginia Rainbow Mermaids : RHP Jason Starkey
Batting: SHB Jhett Larson 0-0: Ground out 4-3 (Groundball, 4, EV 105.0 MPH)
Batting: LHB Jim Brown 0-0: Ball
1-0: Ball
2-0: Called Strike
2-1: Ball
3-1: Fly out, F7 (Flyball, 7, EV 88.8 MPH)
Batting: LHB Bob Giles 0-0: Called Strike
0-1: Fly out, F7 (Flyball, 7D, EV 82.5 MPH)
Bottom of the 2nd over - 0 runs, 0 hits, 0 errors, 0 left on base; Northern Virginia 3 - Cleveland 0
TOP OF THE 3RD
Northern Virginia Rainbow Mermaids batting - Pitching for Cleveland Browns : RHP Jay Cannon
Batting: LHB DeMarvion Overshown 0-0: Single, Error in OF, E7, batter to second base (Groundball, 6D, EV 101.2 MPH)
Batting: LHB Dewitt Hopper 0-0: Ball
1-0: Swinging Strike
1-1: Swinging Strike
1-2: Strikes out swinging
Batting: RHB Nate Edwards 0-0: Ground out U3 (Groundball, 3, EV 93.8 MPH)
DeMarvion Overshown to third
Batting: LHB Rio Mence 0-0: Ball
1-0: Ball
2-0: Foul Ball, location: 2F
2-1: Swinging Strike
2-2: Foul Ball, location: 2F
2-2: Fly out, F8 (Flyball, 8LM, EV 75.0 MPH)
Top of the 3rd over - 0 runs, 1 hit, 1 error, 1 left on base; Northern Virginia 3 - Cleveland 0
BOTTOM OF THE 3RD
Cleveland Browns batting - Pitching for Northern Virginia Rainbow Mermaids : RHP Jason Starkey
Batting: RHB Tom Camden 0-0: Called Strike
0-1: Ball
1-1: Ball
2-1: Called Strike
2-2: Strikes out swinging
Batting: SHB Alexei Ponikarov 0-0: Ball
1-0: Swinging Strike
1-1: Ball
2-1: Ball
3-1: Base on Balls
Batting: LHB Tadayoshi Watanabe 0-0: Ball
1-0: SINGLE (Groundball, 34D, EV 104.4 MPH)
Alexei Ponikarov to second
Runner from 2nd tries for 3rd, SAFE, throw by RF made to third
Batting: LHB Ruud van Ineveld 0-0: Ball
1-0: Foul Ball, location: 2F
1-1: Foul Ball, location: 2F
1-2: Foul Ball, location: 2F
1-2: SINGLE (Groundball, 34D, EV 98.8 MPH)
Alexei Ponikarov scores
Tadayoshi Watanabe to second
Runner from 2nd tries for 3rd, SAFE, throw by RF made to third
Batting: RHB Meester Gobbles-Rooster 0-0: Called Strike
Ruud van Ineveld is caught stealing 2nd base 2-4
0-1: Ball
1-1: Ball
2-1: Ground out 5-3 (Groundball, 56S, EV 70.6 MPH)
Bottom of the 3rd over - 1 run, 2 hits, 0 errors, 1 left on base; Northern Virginia 3 - Cleveland 1
TOP OF THE 4TH
Northern Virginia Rainbow Mermaids batting - Pitching for Cleveland Browns : RHP Jay Cannon
Batting: RHB Woong Byeon 0-0: Ball
1-0: Ground out 4-3 (Groundball, 4, EV 84.4 MPH)
Batting: RHB John Juanda 0-0: Ball
1-0: SINGLE (Line Drive, 56, EV 105.0 MPH)
Batting: LHB Jeff Washington 0-0: Ball
1-0: SINGLE (Line Drive, 4MD, EV 95.0 MPH)
John Juanda to second
Runner from 2nd tries for 3rd, SAFE, throw by CF made to third
Batting: LHB Tony Goodwin 0-0: Ball
1-0: Foul Ball, location: 2F
1-1: Foul Ball, location: 2F
1-2: Fly out, F9 (Line Drive, 89M, EV 100.0 MPH)
Runner from 3rd tags up, SCORES, no throw by RF
Batting: RHB Manuel Márquez 0-0: SINGLE (Flyball, 89M, EV 91.2 MPH)
Jeff Washington to second
Runner from 2nd tries for 3rd, SAFE, no throw by RF
Batting: LHB DeMarvion Overshown 0-0: Ball
1-0: Fly out, F8 (Flyball, 8LXD, EV 77.5 MPH)
Top of the 4th over - 1 run, 3 hits, 0 errors, 2 left on base; Northern Virginia 4 - Cleveland 1
BOTTOM OF THE 4TH
Cleveland Browns batting - Pitching for Northern Virginia Rainbow Mermaids : RHP Jason Starkey
Batting: LHB Danny Rodríguez 0-0: Ground out 4-3 (Groundball, 4, EV 89.4 MPH)
Batting: SHB Jhett Larson 0-0: Ball
1-0: Ground out 4-3 (Groundball, 4, EV 98.8 MPH)
Batting: LHB Jim Brown 0-0: Fly out, F6 (Popup, 6MS, EV 59.4 MPH)
Bottom of the 4th over - 0 runs, 0 hits, 0 errors, 0 left on base; Northern Virginia 4 - Cleveland 1
TOP OF THE 5TH
Northern Virginia Rainbow Mermaids batting - Pitching for Cleveland Browns : RHP Jay Cannon
Batting: LHB Dewitt Hopper 0-0: Swinging Strike
0-1: Ground out 5-3 (Groundball, 6S, EV 87.5 MPH)
Batting: RHB Nate Edwards 0-0: Called Strike
0-1: SINGLE (Groundball, 34D, EV 107.5 MPH)
Batting: LHB Rio Mence 0-0: Ball
1-0: Called Strike
1-1: Ball
2-1: Foul Ball, location: 2F
2-2: Strikes out swinging
Batting: RHB Woong Byeon 0-0: Ball
1-0: Ball
Nate Edwards steals 2nd base
2-0: Called Strike
2-1: Fly out, F9 (Flyball, 89M, EV 92.5 MPH)
Top of the 5th over - 0 runs, 1 hit, 0 errors, 1 left on base; Northern Virginia 4 - Cleveland 1
BOTTOM OF THE 5TH
Cleveland Browns batting - Pitching for Northern Virginia Rainbow Mermaids : RHP Jason Starkey
Batting: LHB Bob Giles 0-0: Ball
1-0: Foul Ball, location: 2F
1-1: Ball
2-1: Ball
3-1: Base on Balls
Batting: RHB Tom Camden 0-0: Sac Bunt to 13S - play at first, batter OUT! 1-3
Bob Giles to second
Batting: SHB Alexei Ponikarov 0-0: Ball
1-0: Ball
2-0: Ball
3-0: Base on Balls
Batting: LHB Tadayoshi Watanabe 0-0: Ball
1-0: Foul Ball, location: 2F
1-1: Ball
2-1: Foul Ball, location: 2F
2-2: Ball
3-2: SINGLE (Line Drive, 56D, EV 94.4 MPH)
Bob Giles to third
Alexei Ponikarov to second
Batting: LHB Ruud van Ineveld 0-0: Ball
1-0: Swinging Strike
1-1: Fielders Choice at 2nd, 4-6 (Groundball, 4, EV 78.8 MPH)
Bob Giles scores
Alexei Ponikarov to third
Batting: RHB Meester Gobbles-Rooster 0-0: Ball
1-0: Foul Ball, location: 2F
1-1: Ball
2-1: Called Strike
2-2: Strikes out swinging
Bottom of the 5th over - 1 run, 1 hit, 0 errors, 2 left on base; Northern Virginia 4 - Cleveland 2
TOP OF THE 6TH
Northern Virginia Rainbow Mermaids batting - Pitching for Cleveland Browns : RHP Jay Cannon
Batting: RHB John Juanda 0-0: Foul Ball, location: 2F
0-1: Called Strike
0-2: Ball
1-2: Foul Ball, location: 2F
1-2: Strikes out looking
Batting: LHB Jeff Washington 0-0: Foul Ball, location: 2F
0-1: Ball
1-1: Called Strike
1-2: Foul Ball, location: 2F
1-2: Foul Ball, location: 2F
1-2: SINGLE (Groundball, 56D, EV 98.8 MPH)
Batting: LHB Tony Goodwin 0-0: Ball
Jeff Washington is caught stealing 2nd base 2-6
1-0: Ground out 6-3 (Groundball, 6, EV 84.4 MPH)
Top of the 6th over - 0 runs, 1 hit, 0 errors, 0 left on base; Northern Virginia 4 - Cleveland 2
BOTTOM OF THE 6TH
Cleveland Browns batting - Pitching for Northern Virginia Rainbow Mermaids : RHP Jason Starkey
Batting: LHB Danny Rodríguez 0-0: Called Strike
0-1: Fly out, F8 (Flyball, 78M, EV 90.0 MPH)
Batting: SHB Jhett Larson 0-0: Fly out, F9 (Flyball, 9LSF, EV 89.4 MPH)
Batting: LHB Jim Brown 0-0: Called Strike
0-1: Ball
1-1: Ball
2-1: Ball
3-1: SINGLE (Line Drive, 4D, EV 94.4 MPH)
Batting: LHB Bob Giles 0-0: Ball
1-0: SINGLE (Line Drive, 4MD, EV 108.1 MPH)
Jim Brown to second
Batting: RHB Tom Camden 0-0: Ball
1-0: Ball
2-0: Called Strike
2-1: Called Strike
2-2: Foul Ball, location: 2F
2-2: Foul Ball, location: 2F
2-2: Ball
3-2: Ground out 5-3 (Groundball, 56S, EV 88.8 MPH)
Bottom of the 6th over - 0 runs, 2 hits, 0 errors, 2 left on base; Northern Virginia 4 - Cleveland 2
TOP OF THE 7TH
Northern Virginia Rainbow Mermaids batting - Pitching for Cleveland Browns : RHP Jay Cannon
Batting: RHB Manuel Márquez 0-0: Foul Ball, location: 2F
0-1: Foul Ball, location: 2F
0-2: Ball
1-2: Fly out, F8 (Line Drive, 8LM, EV 93.1 MPH)
Batting: LHB DeMarvion Overshown 0-0: Fly out, F9 (Flyball, 9D, EV 91.9 MPH)
Batting: LHB Dewitt Hopper 0-0: Swinging Strike
0-1: Swinging Strike
0-2: Strikes out swinging
Top of the 7th over - 0 runs, 0 hits, 0 errors, 0 left on base; Northern Virginia 4 - Cleveland 2
BOTTOM OF THE 7TH
Cleveland Browns batting - Pitching for Northern Virginia Rainbow Mermaids : RHP Jason Starkey
Batting: SHB Alexei Ponikarov 0-0: Ground out 6-3 (Groundball, 6S, EV 81.9 MPH)
Batting: LHB Tadayoshi Watanabe 0-0: Ball
1-0: Swinging Strike
1-1: Called Strike
1-2: Foul Ball, location: 2F
1-2: Ground out 4-3 (Groundball, 4, EV 88.1 MPH)
Batting: LHB Ruud van Ineveld 0-0: Ball
1-0: Foul Ball, location: 2F
1-1: Foul Ball, location: 2F
1-2: Ball
2-2: Strikes out swinging
Bottom of the 7th over - 0 runs, 0 hits, 0 errors, 0 left on base; Northern Virginia 4 - Cleveland 2
TOP OF THE 8TH
Northern Virginia Rainbow Mermaids batting - Pitching for Cleveland Browns : RHP Jay Cannon
Pitching: RHP Damien Morin
Batting: RHB Nate Edwards 0-0: Called Strike
0-1: SINGLE (Groundball, 6MD, EV 95.0 MPH)
Batting: LHB Rio Mence 0-0: Ball
1-0: Foul Ball, location: 2F
1-1: Ball
2-1: SINGLE (Groundball, 34D, EV 94.4 MPH)
Nate Edwards to second
Runner from 2nd tries for 3rd, OUT! 9-5
Batting: RHB Woong Byeon 0-0: SINGLE (Groundball, 56D, EV 110.6 MPH)
Rio Mence to second
Batting: RHB John Juanda 0-0: Ball
1-0: Ball
2-0: Foul Ball, location: 2F
2-1: Ball
3-1: Foul Ball, location: 2F
3-2: Hit by Pitch
Rio Mence to third
Woong Byeon to second
Batting: LHB Jeff Washington 0-0: Ball
1-0: SINGLE (Groundball, 6, EV 84.4 MPH) (infield hit)
Rio Mence scores
Woong Byeon to third
John Juanda to second
Batting: LHB Tony Goodwin 0-0: Ball
1-0: Fly out, F8 (Line Drive, 8RD, EV 96.9 MPH)
Runner from 3rd tags up, SCORES, throw by CF
John Juanda to third
Batting: RHB Manuel Márquez 0-0: Ball
1-0: Called Strike
1-1: DOUBLE (Line Drive, 9LD, EV 103.8 MPH)
John Juanda scores
Jeff Washington to third
Runner from 3rd tries for Home, SAFE, throw by RF to home
Pitching: RHP Yan van der Meijden
Batting: LHB DeMarvion Overshown 0-0: Ball
1-0: Swinging Strike
1-1: Ball
2-1: Swinging Strike
2-2: Fly out, F8 (Flyball, 89D, EV 90.6 MPH)
Top of the 8th over - 4 runs, 5 hits, 0 errors, 1 left on base; Northern Virginia 8 - Cleveland 2
BOTTOM OF THE 8TH
Cleveland Browns batting - Pitching for Northern Virginia Rainbow Mermaids : RHP Jason Starkey
Batting: RHB Meester Gobbles-Rooster 0-0: Foul Ball, location: 2F
0-1: Ball
1-1: Fly out, F8 (Flyball, 8LD, EV 95.6 MPH)
Batting: LHB Danny Rodríguez 0-0: Ball
1-0: Foul Ball, location: 2F
1-1: Foul Ball, location: 2F
1-2: Strikes out swinging
Batting: SHB Jhett Larson 0-0: SINGLE (Line Drive, 4M, EV 100.0 MPH)
Pitching: RHP Eddie Kop
Batting: LHB Jim Brown 0-0: Ball
1-0: Ball
2-0: Foul Ball, location: 2F
2-1: Fly out, F7 (Flyball, 78S, EV 88.1 MPH)
Bottom of the 8th over - 0 runs, 1 hit, 0 errors, 1 left on base; Northern Virginia 8 - Cleveland 2
TOP OF THE 9TH
Northern Virginia Rainbow Mermaids batting - Pitching for Cleveland Browns : RHP Yan van der Meijden
Batting: LHB Dewitt Hopper 0-0: Called Strike
0-1: Swinging Strike
0-2: Strikes out looking
Batting: RHB Nate Edwards 0-0: Called Strike
0-1: Foul Ball, location: 2F
0-2: Strikes out swinging
Batting: LHB Rio Mence 0-0: Ball
1-0: Swinging Strike
1-1: Ball
2-1: Foul Ball, location: 2F
2-2: Foul Ball, location: 2F
2-2: Ground out 4-3 (Groundball, 4, EV 81.2 MPH)
Top of the 9th over - 0 runs, 0 hits, 0 errors, 0 left on base; Northern Virginia 8 - Cleveland 2
BOTTOM OF THE 9TH
Cleveland Browns batting - Pitching for Northern Virginia Rainbow Mermaids : RHP Eddie Kop
Batting: LHB Bob Giles 0-0: Foul Ball, location: 2F
0-1: Ball
1-1: Foul Ball, location: 2F
1-2: Fly out, F7 (Flyball, 7S, EV 95.6 MPH)
Batting: RHB Tom Camden 0-0: Ball
1-0: Fly out, F9 (Flyball, 9D, EV 109.4 MPH)
Batting: SHB Alexei Ponikarov 0-0: Ball
1-0: Fly out, F6 (Popup, 6M, EV 69.4 MPH)
Bottom of the 9th over - 0 runs, 0 hits, 0 errors, 0 left on base; Northern Virginia 8 - Cleveland 2
Friday, March 26th, 2021 - OOTP Baseball 20.8 Build 74